 Dungeon Crawl Stone Soup version 0.26.1-11-gd32895ea62 (webtiles) character file.

Game seed: 17292373838111426410

266 Destapler the Skirmisher (level 6, -2/53 HPs)
             Began as a Gnoll Wanderer on Apr 30, 2021.
             Was a Follower of Vehumet.
             Killed from afar by an orc wizard (4 damage)
             ... with a magic dart
             ... on level 3 of the Dungeon.
             The game lasted 00:14:40 (4825 turns).

Destapler the Skirmisher (Gnoll Wanderer)           Turns: 4825, Time: 00:14:41

Health: -2/53      AC:  6    Str: 13    XL:     6   Next: 20%
Magic:  8/8        EV: 10    Int: 12    God:    Vehumet [*.....]
Gold:   83         SH:  8    Dex: 20    Spells: 7/8 levels left

rFire    . . .     SeeInvis .   a - +4 flail
rCold    . . .     Faith    .   g - +0 kite shield
rNeg     . . .     Spirit   .   n - +0 ring mail
rPois    .         Reflect  .   (no helmet)
rElec    .         Harm     .   f - scarf {shadows}
rCorr    .         Rampage  .   o - +0 pair of gloves
Will     .....                  (no boots)
Stlth    ++........             (no amulet)
HPRegen  0.17/turn              (no ring)
MPRegen  0.11/turn              (no ring)

@: no status effects
A: distributed training, fangs 1, strong nose
a: Renounce Religion


You were on level 3 of the Dungeon.
You worshipped Vehumet.
Vehumet was aware of your devotion.
You visited 1 branch of the dungeon, and saw 3 of its levels.

You collected 83 gold pieces.

Inventory:

Hand Weapons
 a - a +4 flail (weapon)
 e - a +0 dagger
 h - a +0 spear
Armour
 d - a +0 leather armour
 f - a scarf of shadows (worn)
 g - a +0 kite shield (worn)
 n - a +0 ring mail (worn)
 o - a +0 pair of gloves (worn)
Wands
 c - a wand of enslavement (8)
Scrolls
 b - 3 scrolls of teleportation
 m - a scroll of immolation
 q - 2 scrolls of identify {unknown}
Potions
 l - a potion of cancellation


   Skills:
 + Level 6.8 Fighting
 + Level 3.2 Short Blades
 + Level 1.8 Long Blades
 + Level 1.8 Axes
 + Level 1.8 Maces & Flails
 + Level 3.2 Polearms
 + Level 1.8 Staves
 + Level 1.8 Slings
 + Level 1.8 Bows
 + Level 1.8 Crossbows
 + Level 3.2 Throwing
 + Level 1.8 Armour
 + Level 3.2 Dodging
 + Level 4.5 Stealth
 + Level 1.8 Shields
 + Level 1.8 Unarmed Combat
 + Level 1.8 Spellcasting
 + Level 1.4 Conjurations
 + Level 1.4 Hexes
 + Level 1.4 Summonings
 + Level 1.4 Necromancy
 + Level 1.4 Translocations
 + Level 1.4 Transmutations
 + Level 1.4 Fire Magic
 + Level 1.4 Ice Magic
 + Level 1.4 Air Magic
 + Level 1.4 Earth Magic
 + Level 1.4 Poison Magic
 + Level 2.0 Invocations
 + Level 3.2 Evocations


You had 7 spell levels left.
You knew the following spells:

 Your Spells              Type           Power        Failure   Level
a - Foxfire               Conj/Fire      8%           87%         1

Your spell library contained the following spells:

 Spells                   Type           Power        Failure   Level


Dungeon Overview and Level Annotations

Branches:
Dungeon (3/15)

Altars:
Makhleb
Qazlal
Vehumet
Yredelemnul


Innate Abilities, Weirdness & Mutations

Your experience applies equally to all skills.
You have very sharp teeth.
Your uncanny sense of smell can sniff out nearby items.


Message History

* * * LOW HITPOINT WARNING * * *
You are too injured to fight recklessly!
You are too injured to fight recklessly!
The gnoll hits you with a +0 spear.
* * * LOW HITPOINT WARNING * * *
You barely miss the gnoll. You bite the gnoll.
The gnoll is lightly wounded.
You block the gnoll's attack.
You hit the gnoll.
The gnoll is moderately wounded.
You block the gnoll's attack. The gnoll hits you with a +0 spear.
* * * LOW HITPOINT WARNING * * *
Okay, then.
As you read the scroll labelled DAGEINUPRULA, it crumbles to dust.
It is a scroll of amnesia.
Really abort (and waste the scroll)?
Okay, then.
The orc wizard gestures at you while chanting.
The magic dart hits you.
You die...

....#.#...##.#
...........#.##
)))#..#.......#######
##...##.##...<......#
......#.............###**
........##.............,**
[.......##.............,,**
.......................,,,*
..............o.@g.....,,,*
...............).......,^,*
.......,###'###........,,,*
.......,*≈≈≈≈≈#........,,,*
.......,*≈≈≈≈≈#........,,,*
.......,*≈≈≈≈≈#........,,**
,,,,,,,**≈≈≈≈≈#........,**
,,,,,,*****+****,,,,*****
*,,,,,* **,,* ******


You could see an orc wizard and a gnoll.

Vanquished Creatures
  Natasha (twice) (D:2)
  An iguana (D:2)
  7 gnolls
  3 adders
  4 worms
  2 dart slugs
  2 leopard geckos
  9 orcs
  A ball python (D:1)
  4 bats
  2 goblins
  2 hobgoblins (D:3)
  10 jackals
  A kobold (D:3)
  3 frilled lizards
  8 rats
61 creatures vanquished.

Vanquished Creatures (collateral kills)
  Natasha (D:2)
  A dart slug (D:2)
2 creatures vanquished.

Grand Total: 63 creatures vanquished

Notes
Turn   | Place    | Note
-------+----------+-------------------------------------------
     0 | D:1      | Destapler the Gnoll Wanderer began the quest for the Orb.
     0 | D:1      | Destapler set off with the following items: a +0 spear, a
                  | scroll of teleportation, a wand of enslavement (15), a +0
                  | robe, a +0 dagger
     0 | D:1      | Reached XP level 1. HP: 23/23 MP: 1/1
   174 | D:1      | Reached XP level 2. HP: 29/29 MP: 2/2
   950 | D:2      | Found a basalt altar of Yredelemnul.
  1030 | D:2      | Reached XP level 3. HP: 24/35 MP: 3/3
  1549 | D:2      | Reached skill level 1 in Invocations
  2197 | D:2      | Noticed Natasha
  2201 | D:2      | Killed Natasha
  2202 | D:2      | Reached skill level 1 in Long Blades
  2202 | D:2      | Reached skill level 1 in Axes
  2202 | D:2      | Reached skill level 1 in Maces & Flails
  2202 | D:2      | Reached skill level 1 in Staves
  2202 | D:2      | Reached skill level 1 in Slings
  2202 | D:2      | Reached skill level 1 in Bows
  2202 | D:2      | Reached skill level 1 in Crossbows
  2202 | D:2      | Reached skill level 1 in Armour
  2202 | D:2      | Reached skill level 1 in Shields
  2202 | D:2      | Reached skill level 1 in Unarmed Combat
  2202 | D:2      | Reached skill level 1 in Spellcasting
  2575 | D:2      | Reached XP level 4. HP: 38/41 MP: 5/5
  2670 | D:2      | Found a radiant altar of Vehumet.
  2688 | D:2      | Became a worshipper of Vehumet
  2699 | D:2      | Found a stormy altar of Qazlal.
  2742 | D:2      | Found a burning altar of Makhleb.
  2752 | D:2      | Found a faded altar of an unknown god.
  2754 | D:2      | Noticed Natasha
  2769 | D:2      | Killed Natasha
  2770 | D:2      | Reached skill level 1 in Conjurations
  2770 | D:2      | Reached skill level 1 in Hexes
  2770 | D:2      | Reached skill level 1 in Summonings
  2770 | D:2      | Reached skill level 1 in Necromancy
  2770 | D:2      | Reached skill level 1 in Translocations
  2770 | D:2      | Reached skill level 1 in Transmutations
  2770 | D:2      | Reached skill level 1 in Fire Magic
  2770 | D:2      | Reached skill level 1 in Ice Magic
  2770 | D:2      | Reached skill level 1 in Air Magic
  2770 | D:2      | Reached skill level 1 in Earth Magic
  2770 | D:2      | Reached skill level 1 in Poison Magic
  2797 | D:2      | Noticed Natasha
  2811 | D:2      | Killed Natasha
  2812 | D:2      | Reached XP level 5. HP: 11/47 MP: 6/6
  3773 | D:2      | Found a stormy altar of Qazlal.
  3783 | D:2      | Found a burning altar of Makhleb.
  3794 | D:2      | Found a faded altar of an unknown god.
  3875 | D:2      | Found a radiant altar of Vehumet.
  4120 | D:2      | Found a basalt altar of Yredelemnul.
  4414 | D:2      | Reached * piety under Vehumet
  4414 | D:2      | Offered knowledge of Foxfire by Vehumet.
  4419 | D:2      | Learned a level 1 spell: Foxfire
  4485 | D:3      | Reached XP level 6. HP: 36/53 MP: 8/8
  4824 | D:3      | HP: 2/53 [gnoll/+0 spear (6)]
  4825 | D:3      | Killed from afar by an orc wizard

Illustrated notes

Levels and vault maps discovered:
D:1:      moated_graveyard_arrival, layout_loops_corners
D:2:      layout_loops_ring, vehumet_crystals, grunt_qazlal_sundering,
          nicolae_overflow_crystal_walls, overflow_temple_1_default,
          chequers_ecumenical_altar_simple_redux, uniq_natasha
D:3:      layout_rooms, lemuel_crystal_altar, chequers_serial_rivers_small_b,
          chequers_serial_rivers_room_b

Skill      XL: |  1  2  3  4  5  6 |
---------------+-------------------+-----
Invocations    | 1 2 |  2.0
Long Blades    | 1 |  1.8
Axes           | 1 |  1.8
Maces & Flails | 1 |  1.8
Staves         | 1 |  1.8
Slings         | 1 |  1.8
Bows           | 1 |  1.8
Crossbows      | 1 |  1.8
Armour         | 1 |  1.8
Shields        | 1 |  1.8
Unarmed Combat | 1 |  1.8
Spellcasting   | 1 |  1.8
Conjurations   | 1 |  1.4
Hexes          | 1 |  1.4
Summonings     | 1 |  1.4
Necromancy     | 1 |  1.4
Translocations | 1 |  1.4
Transmutations | 1 |  1.4
Fire Magic     | 1 |  1.4
Ice Magic      | 1 |  1.4
Air Magic      | 1 |  1.4
Earth Magic    | 1 |  1.4
Poison Magic   | 1 |  1.4
Short Blades   | 3 |  3.2
Polearms       | 3 |  3.2
Throwing       | 3 |  3.2
Dodging        | 3 |  3.2
Evocations     | 3 |  3.2
Fighting       | |  6.8
Stealth        | |  4.5

Action                   |  1- 3 |  4- 6 || total
-------------------------+-------+-------++-------
Melee: Spear             |   156 |   129 ||   285
       Bite              |    16 |    26 ||    42
       Flail             |       |    49 ||    49
Evoke: Wand              |     7 |       ||     7
  Use: Potion            |     6 |     1 ||     7
       Scroll            |       |     3 ||     3
 Stab: Sleeping          |    10 |     1 ||    11
Armor: Robe              |     7 |       ||     7
       Ring mail         |    25 |    47 ||    72
Dodge: Dodged            |    78 |    75 ||   153
Block: Kite shield       |       |    63 ||    63
